 Dungeon Crawl Stone Soup version 0.28.0-45-g0d030f2227 (webtiles) character file.

Game seed: 3828006396261574356

3621 raph the Reanimator (level 9, -4/76 HPs)
             Began as a Deep Dwarf Necromancer on May 26, 2022.
             Was a Follower of Makhleb.
             Slain by a hornet (8 damage)
             ... while paralysed by a hornet
             ... on level 9 of the Dungeon.
             The game lasted 00:20:44 (12401 turns).

raph the Reanimator (Deep Dwarf Necromancer)       Turns: 12401, Time: 00:20:45

Health: -4/76      AC:  9    Str: 12    XL:     9   Next: 86%
Magic:  15/23 (14) EV:  2    Int: 26    God:    Makhleb [*.....]
Gold:   164        SH:  0    Dex: 13    Spells: 1/15 levels left

rFire   . . .      SeeInvis .   p - +0 war axe
rCold   + + .      Faith    .   (no shield)
rNeg    . . .      Spirit   .   d - +3 leather armour of Noon {rC++}
rPois   .          Reflect  .   m - +0 helmet
rElec   .          Harm     .   (no cloak)
rCorr   .          Rampage  .   f - +0 pair of gloves
Will    +....                   h - +0 pair of boots
Stlth   ++........              (no amulet)
HPRegen 0.00/turn               w - ring of magical power
MPRegen 0.18/turn               r - +6 ring of intelligence

@: paralysed, lethally poisoned (-4 -> -4), slowed
A: damage resistance, heal wounds, sense surroundings 2, no regeneration
a: Heal Wounds, Renounce Religion


You were on level 9 of the Dungeon.
You worshipped Makhleb.
Makhleb was aware of your devotion.
You visited 2 branches of the dungeon, and saw 10 of its levels.

You collected 302 gold pieces.
You spent 138 gold pieces at shops.

Inventory:

Hand Weapons
 a - a +4 whip
 b - a +0 short sword
 p - a +0 war axe (weapon)
Missiles
 j - 18 poisoned darts
 l - 7 boomerangs
Armour
 d - the +3 leather armour of Noon (worn) {rC++}
   (You found it on level 2 of the Dungeon)

   rC:        It greatly protects you from cold.
 f - a +0 pair of gloves (worn)
 h - a +0 pair of boots (worn)
 m - a +0 helmet (worn)
Jewellery
 g - a +6 ring of strength
 o - a ring of fire
 r - a +6 ring of intelligence (right hand)
 v - a +4 ring of evasion
 w - a ring of magical power (left hand)
 y - a +6 ring of strength
Wands
 x - a wand of iceblast (10)
 A - a wand of paralysis (4)
Scrolls
 i - a scroll of identify
 q - a scroll of blinking
 s - 2 scrolls of enchant weapon
 t - a scroll of teleportation
 z - a scroll of magic mapping
 B - 2 scrolls of fear
Potions
 c - a potion of lignification
 e - 5 potions of curing
 k - 3 potions of mutation
 n - a potion of brilliance
 u - a potion of might


   Skills:
 + Level 3.2 Fighting
 * Level 4.3 Axes
 + Level 3.5 Armour
 + Level 4.6 Dodging
 - Level 3.9 Stealth
 + Level 3.8 Spellcasting
 - Level 12.0 Necromancy
 + Level 3.5 Invocations
 * Level 2.4 Evocations


You had one spell level left.
You knew the following spells:

 Your Spells              Type           Power      Damage    Failure   Level
a - Pain                  Necr           100%       1d9       1%          1
b - Animate Skeleton      Necr           100%       N/A       1%          1
c - Vampiric Draining     Necr           61%        2d10      1%          3
d - Animate Dead          Necr           30%        N/A       1%          4
e - Agony                 Necr           61%        N/A       2%          5

Your spell library contained the following spells:

 Spells                   Type           Power      Damage    Failure   Level
 Static Discharge         Conj/Air       4%         N/A       17%         2
 Summon Guardian Golem    Hex/Summ       4%         N/A       32%         3
 Lightning Bolt           Conj/Air       2%         1d13      97%         5
 Orb of Destruction       Conj           2%         9d5       100%        7
 Spellforged Servitor     Conj/Summ      2%         N/A       100%        7
 Maxwell's Capacitive Co  Air            2%         ∞         100%        8


Dungeon Overview and Level Annotations

Branches:
Dungeon (9/15)             Temple (1/1) D:5
   Lair: D:8-11         Orc: D:9-12

Altars:
Ashenzari
Dithmenos
Elyvilon
Gozag
Kikubaaqudgha
Makhleb
Ru
Sif Muna
Trog
Vehumet
Wu Jian
Xom
Yredelemnul
Zin

Shops:
D:1 *?:(   D:7 ?

Annotations:
D:3 Grinder


Innate Abilities, Weirdness & Mutations

You are resistant to damage.
You can heal yourself by infusing magical energy.
You passively map the area around you.
You do not regenerate.


Message History

A hornet and a wight come into view.
Found 19 gold pieces.
A wight comes into view. It is wielding a +3 battleaxe.
Casting: Vampiric Draining (safe; 1% risk of failure)
Confirm with . or Enter, or press ? or * to list all spells.
Aiming: Vampiric Draining (safe; 1% risk of failure)
Press: ? - help, Shift-Dir - straight line, f - hornet
Aim: a hornet (asleep)
You draw life force from the hornet.
You feel life coursing into your body.
The hornet stings you but does no damage.
Casting: Vampiric Draining (safe; 1% risk of failure)
Confirm with . or Enter, or press ? or * to list all spells.
Aiming: Vampiric Draining (safe; 1% risk of failure)
Press: ? - help, Shift-Dir - straight line, f/p - hornet
Aim: a hornet (lightly wounded)
You draw life force from the hornet.
You feel life coursing into your body.
The hornet stings you but does no damage.
The hornet stings you!
You feel yourself slow down. The wight barely misses you.
You feel yourself speed up. The hornet stings you!
* * * LOW HITPOINT WARNING * * *
You feel yourself slow down. The hornet stings you!
* * * LOW HITPOINT WARNING * * *
You are poisoned.
You feel as though you will be slow longer.
The hornet closely misses you.
Casting: Vampiric Draining (safe; 1% risk of failure)
Confirm with . or Enter, or press ? or * to list all spells.
Aiming: Vampiric Draining (safe; 1% risk of failure)
Press: ? - help, Shift-Dir - straight line, f/p - hornet
Aim: a hornet (moderately wounded)
You draw life force from the hornet!
You feel life coursing into your body. The hornet stings you!
* * * LOW HITPOINT WARNING * * *
You suddenly lose the ability to move!
The hornet stings you!
* * * LOW HITPOINT WARNING * * *
You shrug off the repeated paralysis!
The hornet stings you!
You die...

##.# .., #..# #. * #..#..
* * ** * * * ###..#.#* ,
, , , ,,,,, ......# * * *
* #..#.###.# #$z......# *
#################y###.###
<...............@.# ** *
* .......#######...## , ,
* * .....#.#
##.....######.#* ,
####.#.# #.............#
* # #.#.# ##...>.########
# #.#.# ##...## #
#.#.########.## #
#.#..........#
#.############


You could see a hornet and a wight.

Vanquished Creatures
  A two-headed ogre (D:8)
  Pikel (D:5)
  A steam dragon (D:8)
  Edmund (D:4)
  A water moccasin (D:8)
  An ice beast (D:6)
  3 sky beasts
  2 orc warriors
  A necrophage (D:3)
  2 ogres
  A kobold brigand (D:8)
  2 bullfrogs
  A gnoll sergeant (D:6)
  2 scorpions
  2 jellies
  A water moccasin skeleton (D:6)
  2 orc priests (D:7)
  4 hounds
  A bullfrog skeleton (D:5)
  2 iguanas (D:5)
  2 orc wizards
  Natasha (twice) (D:2)
  A hound zombie (D:5)
  2 howler monkey zombies
  Robin (D:4)
  10 adders
  15 gnolls
  A shadow imp (D:6)
  2 white imps
  A worm (D:3)
  3 dart slugs
  17 orcs
  7 bats
  4 endoplasms
  A giant cockroach (D:2)
  6 goblins
  12 hobgoblins
  3 jackals (D:4)
  5 quokkas
  7 ball pythons
  8 frilled lizards
  17 kobolds
  4 rats
163 creatures vanquished.

Vanquished Creatures (collateral kills)
  A gnoll shaman (D:5)
  A hound (D:5)
  Natasha (D:2)
  7 gnolls
  2 orcs (D:7)
  A goblin (D:3)
13 creatures vanquished.

Vanquished Creatures (others)
  A centaur zombie (D:7)
  A quokka (D:7)
2 creatures vanquished.

Grand Total: 178 creatures vanquished

Notes
Turn   | Place    | Note
-------+----------+-------------------------------------------
     0 | D:1      | raph the Deep Dwarf Necromancer began the quest for the
                  | Orb.
     0 | D:1      | Reached XP level 1. HP: 15/15 MP: 3/3
    96 | D:1      | Learned a level 1 spell: Animate Skeleton
   210 | D:1      | Found Deps's Assorted Antiques.
   450 | D:1      | Found Askeczo's Magic Scroll Shoppe.
   457 | D:1      | Reached XP level 2. HP: 22/22 MP: 2/4
   480 | D:1      | Bought a scroll of identify for 24 gold pieces
   517 | D:1      | Found Imerch's Book Emporium.
   809 | D:1      | Found Xauc's Weapon Shoppe.
   873 | D:1      | Found a faded altar of an unknown god.
  1161 | D:2      | Reached XP level 3. HP: 26/30 MP: 0/6
  1165 | D:2      | Learned a level 3 spell: Vampiric Draining
  1235 | D:2      | Found a shimmering blue altar of Sif Muna.
  1580 | D:1      | Bought a scroll of identify for 24 gold pieces
  1614 | D:2      | Reached skill level 5 in Necromancy
  1698 | D:2      | Identified the +3 leather armour of Noon {rC++}
  1814 | D:2      | Noticed Natasha
  1818 | D:2      | Killed Natasha
  1819 | D:2      | Reached skill level 1 in Fighting
  1819 | D:2      | Reached XP level 4. HP: 38/38 MP: 0/7
  2332 | D:2      | Noticed Natasha
  2342 | D:2      | Killed Natasha
  2560 | D:3      | Reached skill level 1 in Armour
  2560 | D:3      | Reached XP level 5. HP: 44/44 MP: 4/8
  3330 | D:3      | Noticed Grinder
  3338 | D:2      | Noticed Natasha
  3347 | D:2      | Killed Natasha
  3438 | D:4      | Reached XP level 6. HP: 52/52 MP: 0/10
  3899 | D:4      | Noticed Robin
  3992 | D:3      | Learned a level 4 spell: Animate Dead
  4308 | D:4      | Killed Robin
  4309 | D:4      | Reached skill level 6 in Necromancy
  4539 | D:4      | Noticed Edmund
  4805 | D:4      | Killed Edmund
  4806 | D:4      | Reached skill level 7 in Necromancy
  4806 | D:4      | Reached XP level 7. HP: 36/58 MP: 0/11
  5443 | D:1      | Bought a scroll of blinking for 90 gold pieces
  5577 | D:5      | Entered Level 5 of the Dungeon
  5612 | D:5      | Noticed Pikel
  5613 | D:5      | Found a staircase to the Ecumenical Temple.
  5621 | D:5      | Killed Pikel
  5622 | D:5      | Reached skill level 9 in Necromancy
  5622 | D:5      | Reached XP level 8. HP: 44/67 MP: 2/12
  5716 | Temple   | Entered the Ecumenical Temple
  5745 | Temple   | Became a worshipper of Makhleb the Destroyer
  5897 | D:5      | Reached skill level 10 in Necromancy
  6379 | D:5      | Found a broken altar of Ashenzari.
  6425 | D:5      | Found a radiant altar of Vehumet.
  6750 | D:5      | Found an ornate altar of the Wu Jian Council.
  6824 | D:5      | Reached skill level 11 in Necromancy
  7800 | D:5      | Reached * piety under Makhleb
  8164 | D:6      | Reached skill level 1 in Axes
  8397 | D:6      | Reached skill level 1 in Invocations
  8514 | D:6      | Gained mutation: You passively map the area around you.
                  | [Deep Dwarf growth]
  8514 | D:6      | Reached XP level 9. HP: 36/73 MP: 1/13
 10699 | D:7      | Found a white marble altar of Elyvilon.
 10764 | D:7      | Found Momigept's Magic Scroll Shoppe.
 11475 | D:8      | Reached skill level 12 in Necromancy
 11961 | D:8      | Noticed a two-headed ogre
 11979 | D:8      | Killed a two-headed ogre
 12095 | D:8      | Learned a level 5 spell: Agony
 12400 | D:9      | Paralysed by a hornet for 2 turns
 12401 | D:9      | Slain by a hornet

Illustrated notes

Levels and vault maps discovered:
D:1:      dpeg_arrival_three_smaller_balls, layout_loops_ring, serial_forest,
          infiniplex_forest_clump_diagonal, infiniplex_forest_clump_double,
          infiniplex_forest_lined_corner, infiniplex_forest_end_1,
          infiniplex_forest_clump_small, infiniplex_forest_lined_3,
          infiniplex_forest_corner_1, infiniplex_forest_clump_tiny,
          infiniplex_forest_clump_double, hellmonk_ecumenical_altar_run_dry,
          serial_shops, nicolae_shop_waterfront, nicolae_shop_behind_doors,
          shop, nicolae_shop_window_shopping
D:2:      layout_rooms, basic_altar, uniq_natasha
D:3:      layout_basic, gammafunk_temple_overflow_wave, glass_columns_c,
          st_stairs_4, grunt_ministairs_9, minmay_misc_feat_five, uniq_grinder,
          uniq_jessica
D:4:      layout_rooms, uniq_robin, uniq_edmund
D:5:      layout_loops_corners, nzn_wu_jian_council_hall,
          mainiacjoe_overflow_surrounded_room, nicolae_ashenzari_panopticon,
          minmay_temple_entry_stoned_glass, uniq_pikel
D:6:      layout_gridville, grunt_decor_arrowhead, kennysheep_donut
D:7:      layout_rooms, elyvilon_altar_4, serial_shops, shop
D:8:      layout_cave_pods, serial_glass, glass_columns_b, glass_columns_a,
          glass_columns_a, glass_columns_c
D:9:      layout_loops_ring, lemuel_round_altar, uniq_maurice
Temple:   regret_index_temple_waves

Skill      XL: |  1  2  3  4  5  6  7  8  9 |
---------------+----------------------------+-----
Spellcasting   | 2 3 |  3.8
Stealth        | 3 |  3.9
Necromancy     | 5 7 9 11 12 | 12.0
Fighting       | 1 2 3 |  3.2
Armour         | 1 2 3 |  3.5
Dodging        | 3 4 |  4.6
Axes           | 1 4 |  4.3
Invocations    | 1 3 |  3.5
Evocations     | 2 |  2.4

Action                   |  1- 3 |  4- 6 |  7- 9 || total
-------------------------+-------+-------+-------++-------
Melee: Short sword       |     1 |       |       ||     1
       Whip              |     5 |    12 |       ||    17
       War axe           |       |       |    92 ||    92
       Punch             |       |       |     3 ||     3
Throw: Dart              |       |     3 |       ||     3
 Cast: Pain              |    47 |   109 |   120 ||   276
       Animate Skeleton  |     1 |     7 |     3 ||    11
       Vampiric Draining |     5 |    18 |    69 ||    92
       Animate Dead      |       |     2 |     4 ||     6
 Abil: Heal Wounds       |       |       |     2 ||     2
  Use: Scroll            |     2 |     8 |     5 ||    15
 Stab: Sleeping          |     1 |       |       ||     1
Armor: Robe              |     3 |       |       ||     3
       Leather armour    |       |    24 |    79 ||   103
Dodge: Dodged            |    21 |    45 |   132 ||   198
